 Dungeon Crawl Stone Soup version 0.27-a0-1177-g245c70e1c0 (webtiles) character file.

Game seed: 1511171889003708138

71689 Vomitron the Unseen (level 15, -14/88 (97) HPs)
             Began as a Kobold Hunter on May 17, 2021.
             Was the Champion of Dithmenos.
             Killed from afar by Nikola (25 damage)
             ... with a chain lightning
             ... on level 1 of the Spider Nest.
             The game lasted 00:57:35 (25053 turns).

Vomitron the Unseen (Kobold Hunter)                Turns: 25053, Time: 00:57:36

HP:   -14/88 (97)   AC: 11    Str: 11    XL:     15   Next: 83%
MP:   22/22         EV: 32    Int: 12    God:    Dithmenos [******]
Gold: 768           SH:  0    Dex: 28    Spells: 12/14 levels left

rFire    . . .     SeeInvis .   a - +1 hand crossbow
rCold    . . .     Faith    .   (shield restricted)
rNeg     . . .     Spirit   .   S - +0 troll leather armour
rPois    +         Reflect  .   U - +1 helmet "Qethrux" {-Cast Regen+ Dex+7}
rElec    .         Harm     .   j - scarf {+Inv}
rCorr    .         Rampage  .   B - +1 pair of gloves
Will     +....     NoCast   +   G - +2 pair of boots Stlth ****++++++
                                R - amulet of regeneration
HPRegen  3.24/turn              v - +4 ring of evasion
MPRegen  0.18/turn              e - ring of poison resistance

@: very slightly contaminated, wreathed by umbra, studying Conjurations,
drained, invisible (expiring)
A: small, no large weapons, nightstalker 3
a: Renounce Religion, Evoke Invisibility, Shadow Step, Shadow Form


You were on level 1 of the Spider Nest.
You worshipped Dithmenos.
Dithmenos was exalted by your worship.
You visited 4 branches of the dungeon, and saw 20 of its levels.
You also visited: Volcano.

You collected 1034 gold pieces.
You spent 266 gold pieces at shops.

Inventory:

Hand Weapons
 a - a +1 hand crossbow (weapon)
 b - a +3 short sword of electrocution
 y - a +2 short sword of venom
 I - the +5 dagger of Immorality {drain, rC+}
   (You found it on level 8 of the Dungeon)

   A truly terrible weapon, it drains the life of those it strikes.
   It protects you from cold.
Missiles
 d - 117 bolts (quivered ammo)
 z - 71 poisoned darts
 M - 9 curare-tipped darts
 O - a throwing net
Armour
 j - a scarf of invisibility (worn)
 B - a +1 pair of gloves (worn)
 G - a +2 pair of boots (worn)
 J - a +0 kite shield
 Q - the +2 helmet of Foolhardiness {rPois rF++ Str+4 Dex-5}
   (You acquired it on level 12 of the Dungeon)

   It affects your strength (+4).
   It affects your dexterity (-5).
   It greatly protects you from fire.
   It protects you from poison.
 S - a +0 troll leather armour (worn)
 U - the +1 helmet "Qethrux" (worn) {-Cast Regen+ Dex+7}
   (You bought it in a shop on level 4 of the Dungeon)

   It affects your dexterity (+7).
   It prevents spellcasting.
   It increases your rate of health regeneration.
Jewellery
 e - a ring of poison resistance (right hand)
 q - a ring of fire
 v - a +4 ring of evasion (left hand)
 w - a ring of fire
 x - a ring of willpower
 C - a ring of flight
 E - a ring of positive energy
 R - an amulet of regeneration (around neck)
Wands
 n - a wand of polymorph (19)
 p - a wand of acid (5)
 L - a wand of paralysis (4)
 T - a wand of flame (17)
Scrolls
 i - a scroll of fog
 r - 9 scrolls of teleportation
 t - a scroll of fear
 D - 2 scrolls of amnesia
 N - a scroll of holy word
 P - 2 scrolls of enchant armour
 V - 5 scrolls of magic mapping
 Z - a scroll of blinking
Potions
 f - a potion of heal wounds
 g - 3 potions of flight
 h - 3 potions of degeneration
 k - 3 potions of berserk rage
 l - a potion of might {unknown}
 m - 8 potions of curing
 o - a potion of lignification
 s - a potion of haste
 u - 2 potions of attraction
 A - 2 potions of magic
 F - 4 potions of brilliance
 H - a potion of ambrosia
 K - a potion of mutation {unknown}
 X - 2 potions of cancellation
 Y - a potion of invisibility
Miscellaneous
 c - a phial of floods (inert)


   Skills:
 + Level 12.9 Fighting
 - Level 12.0 Short Blades
 - Level 8.0 Crossbows
 + Level 13.0 Dodging
 + Level 16.1 Stealth
 - Level 5.0 Hexes
 - Level 5.0 Ice Magic
 + Level 9.7 Invocations
 + Level 11.1 Evocations


You had 12 spell levels left.
You knew the following spells:

 Your Spells              Type           Power      Damage    Failure   Level
a - Ensorcelled Hibernat  Hex/Ice        24%        N/A       9%          2

Your spell library contained the following spells:

 Spells                   Type           Power      Damage    Failure   Level
 Corona                   Hex            13%        N/A       5%          1
 Confusing Touch          Hex            12%        N/A       17%         3
 Tukima's Dance           Hex            12%        N/A       17%         3
 Apportation              Tloc           0%         N/A       41%         1
 Foxfire                  Conj/Fire      0%         2x1d4     41%         1
 Dazzling Flash           Conj/Hex       12%        N/A       43%         3
 Inner Flame              Hex/Fire       6%         N/A       43%         3
 Poisonous Vapours        Pois/Air       0%         N/A       54%         2
 Conjure Flame            Conj/Fire      0%         6-21      78%         3
 Lesser Beckoning         Tloc           0%         N/A       78%         3
 Mephitic Cloud           Conj/Pois/Air  0%         N/A       78%         3
 Sticky Flame             Conj/Fire      0%         2d3       99%         4
 Alistair's Intoxication  Tmut/Pois      0%         N/A       100%        5
 Bolt of Magma            Conj/Fire/Erth 0%         4d4       100%        5
 Fireball                 Conj/Fire      0%         3d3       100%        5
 Iskenderun's Battlesphe  Conj           0%         2d6       100%        5
 Freezing Cloud           Conj/Ice/Air   1%         6-21      100%        6
 Invisibility             Hex            12%        N/A       100%        6
 Iron Shot                Conj/Erth      0%         9d1       100%        6
 Orb of Destruction       Conj           0%         N/A       100%        7
 Spellforged Servitor     Conj/Summ      0%         N/A       100%        7


Dungeon Overview and Level Annotations

Branches:
Dungeon (12/15)            Temple (1/1) D:6            Lair (6/6) D:10
 Shoals (0/4) Lair:3       Spider (1/4) Lair:3        Slime (0/5) Lair:6
    Orc (0/2) D:10        Volcano (visited)

Altars:
Cheibriados
Dithmenos
Elyvilon
Hepliaklqana
Kikubaaqudgha
Okawaru
Qazlal
Sif Muna
Trog
Vehumet
Wu Jian
Xom
Zin
The Shining One
Jiyva

Shops:
D:3 ?   D:4 [   D:6 (

Annotations:
D:3 exclusion: water moccasin
D:7 exclusion: upstairs
D:9 exclusion: 3 doors
Lair:1 2 transporters, 1 runed translucent door, benadryl's ghost, novice TrFi
Lair:3 1 runed translucent door, Giomnon's ghost, journeyman DEFE
Lair:6 1 runed translucent door
Spider:1 Nikola


Innate Abilities, Weirdness & Mutations

You are small and have problems with some larger weapons.
You are completely attuned to the shadows.


Message History

You barely miss Nikola.
Nikola is moderately wounded.
Your shadow closely misses Nikola.
You hear an angry hiss.
Nikola misses you.
Unknown command.
You hit Nikola.
Nikola looks as sick as possible!
Nikola is heavily wounded.
The demonic crawler hits you.
* * * LOW HITPOINT WARNING * * *
The demonic crawler barely misses you. x2
Unknown command.
You hit Nikola but do no damage.
Nikola looks as sick as possible!
Nikola is heavily wounded.
Nikola completely misses you.
The demonic crawler completely misses you.
The demonic crawler misses you.
The demonic crawler completely misses you.
Unknown command.
You hit Nikola.
Nikola is heavily wounded.
The orb spider hisses angrily.
Your resistance to elements expires.
You flicker for a moment.
Dithmenos accepts your kill.
You feel a bit more experienced.
Your +2 short sword of venom stops dripping with poison.
a - a +1 hand crossbow (weapon)
You are too injured to fight recklessly!
Fire: 118 bolts
Press: ? - help, Q - select action, (/) - cycle Shift-Dir - straight line, f/p - Nikola
Aim: Nikola, wielding a +4 rapier of electrocution, wearing a +1 cloak of poison resistance and wearing a +0 pair of gloves (heavily wounded, extremely poisoned, umbra, 78% to hit)
You shoot a bolt. The bolt hits Nikola.
Nikola is heavily wounded.
Nikola casts a spell.
You hear a mighty clap of thunder!
The lightning arc hits you!!
* * * LOW HITPOINT WARNING * * *
The lightning arc hits Nikola.
The lightning arc hits you!!
You die...

## ##### ##≈##≈..#
#######≈#≈#.#.#.
#≈#.#.#...#....#
#...@.#.#....#..
####@##...#...#.##
#≈≈..#.#<..##.....
##.#...#.#....#.#.
...#.#..#..#.#...
#. ##..#†##s.#...
.#.††##..# ^
.≈.^..s.##.
.##≈#..†...


You could see Nikola (extremely poisoned).

Vanquished Creatures
  12 hydras
  A boulder beetle (D:11)
  Erolcha (D:11)
  A catoblepas (Lair:6)
  2 two-headed ogres
  14 death yaks
  A deep troll shaman (Lair:6)
  Urug (D:11)
  Nergalle (Lair:4)
  A deep elf pyromancer (D:12)
  An orb spider (Lair:3)
  17 elephants
  2 wolf spiders (Spider:1)
  2 manticores
  An ugly thing (D:12)
  2 black mambas
  3 gargoyles
  A torpor snail (Lair:5)
  13 cane toads
  Psyche (D:8)
  10 komodo dragons
  3 rime drakes
  A demonic crawler (Spider:1)
  2 kobold demonologists (D:10)
  3 trolls
  A hornet (D:9)
  2 jumping spiders
  8 polar bears
  26 blink frogs
  12 dream sheep (Lair:6)
  A snapping turtle (Lair:3)
  9 redbacks
  5 wyverns
  2 wraiths
  53 yaks
  Grum (D:8)
  A tarantella (Spider:1)
  8 fire bats
  2 vampire mosquitoes (D:12)
  3 basilisks
  2 chaos spawn
  2 steam dragons
  Menkaure (D:5)
  21 water moccasins
  3 acid dragons
  A sky beast (D:5)
  8 orc warriors
  3 ice beasts
  A necrophage (D:4)
  12 wolves
  7 ogres
  6 centaurs
  Blork the orc (D:4)
  5 kobold brigands (D:10)
  10 bullfrogs
  3 gnoll sergeants (D:10)
  A wyvern zombie (D:8)
  A scorpion (D:5)
  A water moccasin skeleton (D:4)
  27 killer bees
  9 wights (D:9)
  4 electric eels
  A howler monkey (D:7)
  4 lava snakes (Volcano)
  2 jellies
  A centaur zombie (D:10)
  An orc priest (D:12)
  3 hounds
  2 centaur skeletons
  A gnoll shaman (D:7)
  Crazy Yiuf (D:2)
  A bullfrog skeleton (D:6)
  Jessica (D:2)
  3 iguanas
  2 orc wizards
  7 hell rats (Lair:5)
  A killer bee zombie (D:8)
  2 hound skeletons
  A howler monkey zombie (D:8)
  Robin (D:2)
  5 gnolls
  7 adders
  An ufetubus (D:5)
  3 worms
  A dart slug (D:4)
  17 orcs
  4 bats
  4 endoplasms
  7 hobgoblins
  9 jackals
  3 quokkas
  3 ball pythons
  A frilled lizard (D:1)
  9 goblins
  10 kobolds
  3 rats
  2 butterflies (Lair:6)
484 creatures vanquished.

Vanquished Creatures (others)
  A jumping spider (Spider:1)
  2 redbacks (Spider:1)
  45 fungi
  58 plants
106 creatures vanquished.

Grand Total: 590 creatures vanquished

Notes
Turn   | Place    | Note
-------+----------+-------------------------------------------
     0 | D:1      | Vomitron the Kobold Hunter began the quest for the Orb.
     0 | D:1      | Reached XP level 1. HP: 12/12 MP: 1/1
   324 | D:1      | Found a faded altar of an unknown god.
   354 | D:1      | Reached XP level 2. HP: 18/18 MP: 2/2
   439 | D:1      | Reached skill level 1 in Short Blades
   474 | D:1      | Reached skill level 5 in Crossbows
   532 | D:1      | Reached skill level 2 in Stealth
   810 | D:1      | Reached XP level 3. HP: 22/22 MP: 3/3
  1352 | D:2      | Reached XP level 4. HP: 4/27 MP: 4/4
  1622 | D:2      | Noticed Jessica
  1629 | D:2      | Killed Jessica
  1797 | D:2      | Reached skill level 3 in Stealth
  1797 | D:2      | Reached XP level 5. HP: 5/32 MP: 5/5
  2103 | D:2      | Noticed Robin
  2143 | D:2      | Killed Robin
  2375 | D:2      | Found a runed translucent door.
  2378 | D:2      | Noticed Crazy Yiuf
  2383 | D:2      | Killed Crazy Yiuf
  3055 | D:3      | Found a hazy altar of Hepliaklqana.
  3058 | D:3      | Found a glowing silver altar of Zin.
  3062 | D:3      | Found Diysoh's Magic Scroll Boutique.
  3102 | D:3      | Reached XP level 6. HP: 33/37 MP: 6/6
  3346 | D:3      | Noticed a water moccasin
  3556 | D:3      | Found a white marble altar of Elyvilon.
  3685 | D:4      | Found Enissim's Antique Armour Emporium.
  3908 | D:4      | Reached skill level 4 in Stealth
  4138 | D:4      | Found a snail-covered altar of Cheibriados.
  4199 | D:4      | Noticed Blork the orc
  4243 | D:4      | Killed Blork the orc
  4244 | D:4      | Reached XP level 7. HP: 20/42 MP: 7/7
  4646 | D:4      | Reached skill level 5 in Stealth
  4726 | D:5      | Entered Level 5 of the Dungeon
  5018 | D:5      | Reached skill level 5 in Dodging
  5018 | D:5      | Reached XP level 8. HP: 48/48 MP: 8/8
  5039 | D:5      | Found an iron altar of Okawaru.
  5104 | D:5      | Reached skill level 5 in Short Blades
  5359 | D:5      | Noticed Menkaure
  5365 | D:5      | Killed Menkaure
  5366 | D:5      | Reached skill level 5 in Fighting
  5366 | D:5      | Reached skill level 6 in Stealth
  6322 | D:6      | Identified the +1 scale mail "Beqyesm" {*Corrode Str+7}
  6353 | D:6      | Found a radiant altar of Vehumet.
  6433 | D:6      | Found Gifofucvab's Antique Weapon Emporium.
  7150 | D:6      | Noticed a yak
  7150 | D:6      | Noticed a yak
  7150 | D:6      | Noticed a yak
  7150 | D:6      | Noticed a yak
  7150 | D:6      | Noticed a yak
  7229 | D:6      | Killed a yak
  7230 | D:6      | Reached XP level 9. HP: 40/54 MP: 9/9
  7236 | D:5      | Reached skill level 7 in Stealth
  7467 | D:6      | Found a staircase to the Ecumenical Temple.
  7474 | Temple   | Entered the Ecumenical Temple
  7544 | Temple   | Became a worshipper of Dithmenos the Shadowed
  7565 | D:6      | Learned a level 2 spell: Ensorcelled Hibernation
  7827 | D:7      | You fall into a shaft and drop 1 floor!
  7887 | D:8      | Identified the +5 dagger of Immorality {drain, rC+}
  8119 | D:7      | Reached skill level 1 in Hexes
  8387 | D:8      | Reached skill level 8 in Stealth
  8696 | D:8      | Noticed Psyche
  8736 | D:8      | Killed Psyche
  8737 | D:8      | Reached XP level 10. HP: 54/61 MP: 10/10
  8888 | D:8      | Noticed Grum
  8925 | D:8      | Killed Grum
  9342 | D:8      | Reached skill level 9 in Stealth
  9467 | D:9      | Identified the +4 hand axe of Joyful Slaughter {freeze,
                  | rN+++ Will- Int-2 SInv}
  9587 | D:9      | Reached skill level 1 in Ice Magic
 10006 | D:9      | Found the +7 mace of Variability {chain chaos}
 10010 | D:9      | Found a shimmering altar of Xom.
 10208 | D:9      | Noticed a seven-headed hydra
 10564 | D:9      | Reached * piety under Dithmenos
 10989 | D:9      | Reached skill level 10 in Stealth
 10989 | D:9      | Reached XP level 11. HP: 59/68 MP: 11/11
 11202 | D:9      | Noticed a two-headed ogre
 11534 | D:9      | Killed a two-headed ogre
 12297 | D:9      | Noticed a manticore
 12300 | D:9      | Killed a manticore
 12652 | D:10     | Entered Level 10 of the Dungeon
 12714 | D:10     | Found a staircase to the Lair.
 12879 | D:10     | Noticed a soul eater
 12883 | D:10     | Reached skill level 5 in Hexes
 12941 | D:10     | Reached skill level 1 in Evocations
 13309 | D:10     | Found a staircase to the Orcish Mines.
 13354 | D:10     | Reached skill level 10 in Short Blades
 13412 | D:10     | Reached skill level 11 in Stealth
 13506 | D:10     | Reached ** piety under Dithmenos
 14399 | D:10     | Noticed a two-headed ogre
 15025 | D:8      | Killed a seven-headed hydra
 15026 | D:8      | Reached skill level 5 in Ice Magic
 15194 | D:4      | Bought a heavily runed helmet for 266 gold pieces
 15194 | D:4      | Identified the +1 helmet "Qethrux" {-Cast Regen+ Dex+7}
                  | (You bought it in a shop on level 4 of the Dungeon)
 15428 | Lair:1   | Entered Level 1 of the Lair of Beasts
 15489 | Lair:1   | Reached XP level 12. HP: 76/76 MP: 12/12
 15601 | Lair:1   | Reached skill level 1 in Invocations
 15705 | Lair:1   | Found a transporter.
 15707 | Lair:1   | Found a transporter.
 15925 | Lair:1   | Found a runed translucent door.
 15926 | Lair:1   | Identified the +3 trident "Capetu" {vamp, *Slow +Rage rPois
                  | rCorr}
 15928 | Lair:1   | Noticed benadryl's ghost (novice TrFi)
 15935 | Lair:1   | Noticed a spriggan rider
 16138 | Lair:1   | Reached *** piety under Dithmenos
 16147 | Lair:1   | Reached skill level 12 in Stealth
 16359 | Lair:1   | Noticed a boulder beetle
 16659 | Lair:2   | Reached skill level 5 in Evocations
 16977 | Lair:2   | Reached skill level 10 in Fighting
 16992 | Lair:2   | Found a dark tunnel.
 16998 | Volcano  | Entered a volcano
 17067 | Volcano  | Reached XP level 13. HP: 82/82 MP: 16/16
 17250 | Volcano  | Found a radiant altar of Vehumet.
 17421 | Lair:2   | Reached **** piety under Dithmenos
 18009 | Lair:3   | Found a runed translucent door.
 18094 | Lair:3   | Reached skill level 10 in Dodging
 18094 | Lair:3   | Reached skill level 13 in Stealth
 18106 | Lair:3   | Reached skill level 5 in Invocations
 18281 | Lair:3   | Noticed Snorg
 18359 | Lair:3   | Noticed a four-headed hydra
 18365 | Lair:3   | Killed a four-headed hydra
 18799 | Lair:3   | Noticed a six-headed hydra
 18804 | Lair:3   | Killed a six-headed hydra
 19008 | Lair:3   | Found a hole to the Spider Nest.
 19217 | Lair:3   | Found a staircase to the Shoals.
 19400 | Lair:3   | Noticed Snorg
 19400 | Lair:3   | Snorg changed into Snorg the orb spider
 19412 | Lair:3   | Killed Snorg the orb spider
 19451 | Lair:3   | Noticed Giomnon's ghost (journeyman DEFE)
 19458 | Lair:4   | Noticed Nergalle
 19462 | Lair:4   | Killed Nergalle
 20026 | Lair:4   | Noticed an eight-headed hydra
 20030 | Lair:4   | Killed an eight-headed hydra
 20031 | Lair:4   | Reached XP level 14. HP: 90/90 MP: 18/18
 20161 | Lair:4   | Reached skill level 14 in Stealth
 20262 | Lair:4   | Reached ***** piety under Dithmenos
 21267 | Lair:6   | Entered Level 6 of the Lair of Beasts
 21541 | Lair:6   | Reached skill level 15 in Stealth
 21887 | Lair:6   | Reached ****** piety under Dithmenos
 21907 | Lair:6   | Reached XP level 15. HP: 84/96 MP: 21/21
 21934 | Lair:6   | Reached skill level 10 in Evocations
 22524 | Lair:6   | Found a runed translucent door.
 22524 | Lair:6   | Found a viscous altar of Jiyva.
 22832 | Lair:6   | Noticed an azure jelly
 22833 | Lair:6   | Noticed an azure jelly
 22834 | Lair:6   | Found a staircase to the Slime Pits.
 23206 | D:11     | Noticed Urug
 23210 | D:11     | Killed Urug
 23649 | D:11     | Noticed Erolcha
 23653 | D:11     | Killed Erolcha
 24447 | D:12     | Reached skill level 16 in Stealth
 24769 | D:12     | Identified a scroll of acquirement
 24769 | D:12     | Acquired the +2 helmet of Foolhardiness {rPois rF++ Str+4
                  | Dex-5}
 24922 | Spider:1 | Entered Level 1 of the Spider Nest
 24948 | Spider:1 | Noticed Nikola
 25053 | Spider:1 | Killed from afar by Nikola

Illustrated notes

Levels and vault maps discovered:
D:1:      dpeg_arrival_pits, layout_basic, ebering_ecumenical_altar_webs
D:2:      minmay_alternating_diamond, layout_loops_ring,
          uniq_crazy_yiuf_cottage, uniq_jessica, uniq_robin
D:3:      layout_rooms, lemuel_round_altar,
          chequers_temple_overflow_statue_of_worship, serial_shops, shop
D:4:      layout_rooms, cheibrodos_worm_habitat, serial_shops, shop,
          uniq_blork_the_orc
D:5:      layout_layer_cave, okawaru_ov_weapons_minmay, uniq_menkaure
D:6:      cheibrodos_iron_armory, layout_gridville, lemuel_doored_altar,
          minmay_temple_entry_offerings, serial_shops, shop_statue
D:7:      layout_gridville
D:8:      layout_rooms, feat_on_display, uniq_grum, uniq_psyche
D:9:      layout_loops_corners, minmay_guarded_unrand_variability
D:10:     layout_loops_ring, lair_entry_dummy,
          kennysheep_orc_monster_closet_entryway, kennysheep_generic_room_3
D:11:     layout_irregular_city, serial_glass, glass_columns_b, glass_columns_b,
          glass_columns_a, glass_columns_a, glass_columns_a, glass_columns_b,
          minmay_strange_pillars, minmay_strange_pillars,
          minmay_strange_pillars, uniq_urug, uniq_erolcha
D:12:     layout_roguey
Temple:   nicolae_temple_elliptical
Lair:1:   gammafunk_boulding_lane, layout_chaotic_city,
          ebering_ghost_funeral_grove, beast_lair_carwin_2,
          infiniplex_staircase_pool_2
Lair:2:   layout_loops_ring, nicolae_volcano_entry_batcave
Lair:3:   layout_layer_cave, minmay_shoals_entry_hut,
          spider_nest_entry_funnel_web, ebering_ghost_inner_flame, uniq_snorg
Lair:4:   layout_cave_pods, grunt_megastairs_5, lemuel_fruit_fields,
          uniq_nergalle
Lair:5:   layout_misc_corridors
Lair:6:   grunt_lair_end_beastmaster, layout_regular_city, slime_altar_2,
          serial_bayou_pond_a, chequers_serial_rivers_micro_b,
          serial_bayou_shore_b, lemuel_fruit_fields, lemuel_fruit_fields,
          infiniplex_staircase_pool
Spider:1: layout_spider_delve, uniq_rupert, uniq_nikola

Skill      XL: |  1  2  3  4  5  6  7  8  9 10 11 12 13 14 15 |
---------------+----------------------------------------------+-----
Short Blades   | 1 2 3 4 6 7 9 10 11 12 | 12.0
Crossbows      | 5 6 7 8 |  8.0
Stealth        | 2 3 4 5 6 8 10 11 12 13 15 16 | 16.1
Dodging        | 3 4 5 6 7 8 9 10 12 13 | 13.0
Fighting       | 3 4 5 6 7 9 10 11 12 | 12.9
Hexes          | 2 4 5 |  5.0
Ice Magic      | 2 5 |  5.0
Evocations     | 3 5 8 9 11 | 11.1
Invocations    | 4 6 8 9 |  9.7

Action                   |  1- 3 |  4- 6 |  7- 9 | 10-12 | 13-15 || total
-------------------------+-------+-------+-------+-------+-------++-------
Melee: Short sword       |    31 |    55 |   123 |   865 |  1122 ||  2196
       Dagger            |       |    69 |       |       |       ||    69
 Fire: Hand crossbow     |    26 |    57 |    62 |    71 |    17 ||   233
 Abil: Evoke Invisibilit |       |       |       |       |     1 ||     1
Evoke: Wand              |       |       |       |     7 |    14 ||    21
       Phial of floods   |       |       |       |       |     1 ||     1
  Use: Scroll            |       |       |    12 |     7 |    10 ||    29
       Potion            |       |       |       |     1 |     2 ||     3
 Stab: Sleeping          |     3 |     5 |     4 |    16 |    83 ||   111
       Distracted        |       |     1 |       |       |    11 ||    12
       Invisible         |       |       |       |       |     4 ||     4
Armor: Leather armour    |     8 |    12 |    20 |    19 |       ||    59
       Acid dragon scale |       |       |       |    45 |       ||    45
       Troll leather arm |       |       |       |    55 |    79 ||   134
Dodge: Dodged            |    37 |    83 |   136 |   887 |   975 ||  2118

Table legend: (Time is in decaauts)
 A = Elapsed time spent in this place.
 B = Non-inter-level travel time spent in this place.
 C = Inter-level travel time spent in this place.
 D = Time resting spent in this place.
 E = Time spent auto-exploring this place.
 F = Levels seen in this place.
 G = Mean time per level.
                   A        B        C        D        E       F      G
               +--------+--------+--------+--------+--------+-----+--------+
         Total |  24107 |  22984 |   1123 |   3553 |  14384 |  21 | 1148.0 |
       Dungeon |  16819 |  15981 |    838 |   3466 |   9352 |  12 | 1401.6 |
        Temple |     81 |     70 |     11 |      0 |     67 |   1 |   81.0 |
          Lair |   6839 |   6565 |    274 |     74 |   4954 |   6 | 1139.8 |
   Spider Nest |     85 |     85 |      0 |      0 |     10 |   1 |   85.0 |
       Volcano |    281 |    281 |      0 |     13 |      0 |   1 |  281.0 |
               +--------+--------+--------+--------+--------+-----+--------+

Top non-repeatable levels by time:
     D:9: 2652 daAuts
    D:10: 2214 daAuts
     D:8: 1733 daAuts
     D:2: 1698 daAuts
     D:5: 1597 daAuts
  Lair:6: 1522 daAuts
  Lair:3: 1445 daAuts
     D:6: 1392 daAuts
     D:1: 1316 daAuts
  Lair:1: 1200 daAuts
  Lair:4: 1176 daAuts
     D:4: 1152 daAuts
    D:11: 1014 daAuts
  Lair:2: 960 daAuts
     D:7: 752 daAuts
